 Dungeon Sprint DCSS version 0.30-a0-867-g305f33218d (webtiles) character file.

Game seed: 4995509069262887402

31 BigDaddyOpFi the Trooper (level 3, -2/30 HPs)
             Began as a Hill Orc Fighter on Mar 10, 2023.
             Was a Follower of Hepliaklqana.
             Slain by an orc warrior
             ... wielding a +0 halberd
              (14 damage)
             ... in the Dungeon (Sprint VII: "The Pits").
             The game lasted 00:00:42 (398 turns).

BigDaddyOpFi the Trooper (Hill Orc Fighter)          Turns: 398, Time: 00:00:43

Health: -2/30      AC: 13    Str: 20    XL:     3   Next: 22%
Magic:  4/6        EV:  5    Int:  8    God:    Hepliaklqana [*.....]
Gold:   0          SH:  4    Dex: 10    Spells: 2/2 levels left

rFire   . . .      SeeInvis .    a - +0 war axe
rCold   . . .      Faith    .    c - +0 buckler
rNeg    . . .      Spirit   .    l - +2 plate armour
rPois   .          Reflect  .    (no helmet)
rElec   .          Rampage  .    (no cloak)
rCorr   .          NoTele   +    (no gloves)
Will    .....                    (no boots) Stlth
                                 (no amulet)
HPRegen 0.25/turn                (no ring)
MPRegen 0.10/turn                (no ring)

@: mighty
A: reduced essence
a: Renounce Religion, Recall Ancestor, Ancestor Identity


You were in the Dungeon.
You worshipped Hepliaklqana.
Hepliaklqana was aware of your devotion.
You visited 1 branch

Inventory:

Hand Weapons
 a - a +0 war axe (weapon)
Armour
 c - a +0 buckler (worn)
 l - a +2 plate armour (worn)
Scrolls
 j - a scroll of blinking
Potions
 e - 6 potions of curing
 f - 4 potions of heal wounds
 g - a potion of haste
 h - 4 potions of magic
 i - 3 potions of berserk rage
 k - 2 potions of invisibility


   Skills:
 + Level 4.7 Fighting
 + Level 4.2 Axes
 + Level 4.3 Armour
 + Level 4.3 Shields
 * Level 4.1 Invocations


You had 2 spell levels left.
You didn't know any spells.
Your spell library was empty.

Dungeon Overview and Level Annotations

Branches:
Dungeon (1/1)

Altars:
Ashenzari
Cheibriados
Dithmenos
Elyvilon
Fedhas
Gozag
Hepliaklqana
Kikubaaqudgha
Makhleb
Nemelex Xobeh
Okawaru
Qazlal
Ru
Sif Muna
Trog
Uskayaw
Vehumet
Wu Jian
Xom
Yredelemnul
Zin
The Shining One
Beogh
Jiyva
Lugonu

Annotations:
D Pargi


Message History

The orc warrior barely misses Huemac.
The frilled lizard bites Huemac.
Huemac is destroyed!
The orc warrior hits you from afar with a +0 halberd!
You feel much better.
An orc comes into view. It is wielding a +0 hand axe.
The orc warrior hits you but does no damage.
The frilled lizard bites you.
You feel very mighty all of a sudden.
The orc warrior hits you from afar with a +0 halberd!
Ouch! That really hurt!
The frilled lizard bites you but does no damage.
You miss the frilled lizard.
The orc warrior hits you from afar with a +0 halberd.
* * * LOW HITPOINT WARNING * * *
The frilled lizard barely misses you.
You feel much better. You block the frilled lizard's attack.
The orc warrior barely misses you.
You slash the frilled lizard!
You kill the frilled lizard!
The orc warrior barely misses you. You block the gnoll's attack.
The orc warrior hits you from afar with a +0 halberd.
You closely miss the gnoll.
The orc wizard mumbles some strange words.
The orc wizard flickers and vanishes!
The orc warrior hits you from afar with a +0 halberd!
The gnoll hits you with a +0 club.
You slash the gnoll!
You kill the gnoll!
An orc comes into view. It is wielding a +0 trident.
The orc warrior barely misses you.
Your Axes skill increases to level 4!
Your Invocations skill increases to level 4!
You have reached level 3!
Your experience leads to an increase in your attributes!
Increase (S)trength, (I)ntelligence, or (D)exterity?
You feel stronger. x2
Unknown command.
You miss something. Something hits you but does no damage.
The orc warrior hits you from afar with a +0 halberd!
You die...

#'#####'#####.....
#.#...รท.#[[##.....
#.#.....#))#####'#
#.###)###))##.....
#.#.....#))##.....
#.#.....#..##.....
#.####'##'###...<.
#.#...)....##.....
#@#........##.....
#{###########.....
#oTo....# ######
#.o###..#


#ooo ##.## .. .# .. You could see Pargi, an orc warrior, an orc wizard and 3
orcs.

Vanquished Creatures
  A gnoll (D)
  A river rat (D)
  An adder skeleton (D)
  A ball python (D)
  An endoplasm (D)
  A giant cockroach (D)
  A kobold (D)
  A frilled lizard (D)
  A rat (D)
9 creatures vanquished.

Vanquished Creatures (collateral kills)
  A giant cockroach zombie (D)
  A kobold (D)
2 creatures vanquished.

Vanquished Creatures (others)
  An ancestor (D)
1 creature vanquished.

Grand Total: 12 creatures vanquished

Notes
Turn   | Place    | Note
-------+----------+-------------------------------------------
     0 | D        | BigDaddyOpFi the Hill Orc Fighter began the quest for the
                  | Orb.
     0 | D        | Reached XP level 1. HP: 19/19 MP: 1/1
    19 | D        | Found a bloodstained altar of Trog.
    19 | D        | Found a shimmering blue altar of Sif Muna.
    19 | D        | Found a viscous altar of Jiyva.
    19 | D        | Found a hazy altar of Hepliaklqana.
    19 | D        | Found an opulent altar of Gozag.
    20 | D        | Found a glowing golden altar of the Shining One.
    20 | D        | Found a glowing silver altar of Zin.
    20 | D        | Found a basalt altar of Yredelemnul.
    20 | D        | Found a shimmering altar of Xom.
    20 | D        | Found an ornate altar of the Wu Jian Council.
    20 | D        | Found a sacrificial altar of Ru.
    20 | D        | Found a stormy altar of Qazlal.
    20 | D        | Found an iron altar of Okawaru.
    20 | D        | Found a sparkling altar of Nemelex Xobeh.
    20 | D        | Found a burning altar of Makhleb.
    20 | D        | Found a blossoming altar of Fedhas.
    20 | D        | Found a white marble altar of Elyvilon.
    20 | D        | Found a shadowy altar of Dithmenos.
    20 | D        | Found a snail-covered altar of Cheibriados.
    21 | D        | Found a radiant altar of Vehumet.
    21 | D        | Found a corrupted altar of Lugonu.
    21 | D        | Found a roughly hewn altar of Beogh.
    22 | D        | Found an ancient bone altar of Kikubaaqudgha.
    22 | D        | Found a hide-covered altar of Uskayaw.
    22 | D        | Found a broken altar of Ashenzari.
    24 | D        | Became a worshipper of Hepliaklqana the Forgotten
    59 | D        | Reached skill level 1 in Invocations
    60 | D        | Reached XP level 2. HP: 25/27 MP: 1/3
   181 | D        | Reached * piety under Hepliaklqana
   386 | D        | Noticed an orc warrior
   386 | D        | Noticed Pargi
   398 | D        | Reached XP level 3. HP: 12/30 MP: 4/6
   398 | D        | Slain by an orc warrior

Illustrated notes

Levels and vault maps discovered:
D:        pitsprint [storerooms_1, entrance_room_1, metal_vault_3, armoury_3,
          mini_pit_1, grid_room_1, main_hall_1, silver_pit, the_coven_3,
          the_vestibule_1, steel_vault_2, golden_pit, hallway_of_sentries,
          crystal_vault_4, iron_vault_2, final_vault]

Skill      XL: |  1  2 |
---------------+-------+-----
Axes           | 3 4 |  4.2
Fighting       | 4 |  4.7
Invocations    | 2 4 |  4.1
Armour         | 4 |  4.3
Shields        | 4 |  4.3

Action                     || total
---------------------------++-------
  Melee: War axe           ||    39
    Use: Potion            ||     3
 Armour: Scale mail        ||    18
         Plate armour      ||     3
  Dodge: Dodged            ||    29
  Block: Buckler           ||     7

Table legend: (Time is in decaauts)
 A = Elapsed time spent in this place.
 B = Non-inter-level travel time spent in this place.
 C = Inter-level travel time spent in this place.
 D = Time resting spent in this place.
 E = Time spent auto-exploring this place.
 F = Levels seen in this place.
 G = Mean time per level.
                   A        B        C        D        E       F      G
               +--------+--------+--------+--------+--------+-----+--------+
         Total |    411 |    392 |     19 |    241 |      0 |   1 |  411.0 |
       Dungeon |    411 |    392 |     19 |    241 |      0 |   1 |  411.0 |
               +--------+--------+--------+--------+--------+-----+--------+

Top non-repeatable levels by time:
       D: 411 daAuts
